PCL
ROUND ROCK EXPRESS @ COLORADO SPRINGS SKY SOX
09/15/2080
 
TOP OF THE 1ST
Round Rock Express batting - Pitching for Colorado Springs Sky Sox : LHP Corey Thomas
Pitching: LHP Corey Thomas
Batting: RHB Raul Anguiano 0-0: SINGLE (Line Drive, 3D, EV 107.5 MPH)
Batting: LHB Pat Dunbar 0-0: Ball
1-0: Fielders Choice at 2nd, 6-4 (Groundball, 6, EV 78.8 MPH)
Batting: RHB Danny Rodas 0-0: Grounds into double play, 4-6-3 (Groundball, 4, EV 103.8 MPH)
Top of the 1st over - 0 runs, 1 hit, 0 errors, 0 left on base; Round Rock 0 - Colorado Springs 0
BOTTOM OF THE 1ST
Colorado Springs Sky Sox batting - Pitching for Round Rock Express : RHP Mark Holgate
Pitching: RHP Mark Holgate
Batting: RHB Adam Hall 0-0: Fly out, F8 (Flyball, 78D, EV 94.4 MPH)
Batting: RHB Juan Duran 0-0: Called Strike
0-1: Ball
1-1: Ball
2-1: Ball
3-1: Fly out, F8 (Flyball, 8RD, EV 93.1 MPH)
Batting: SHB Bobby Cordova 0-0: Ball
1-0: Called Strike
1-1: Ball
2-1: Foul Ball, location: 2F
2-2: Ball
3-2: Base on Balls
Batting: LHB Andy Pierpont 0-0: Called Strike
0-1: Swinging Strike
0-2: Foul Ball, location: 2F
0-2: Ball
1-2: Strikes out swinging passed ball, reaches first!
Bobby Cordova to second
Batting: LHB Curtis Johnson 0-0: Called Strike
0-1: Called Strike
0-2: Ball
1-2: Strikes out swinging
Bottom of the 1st over - 0 runs, 0 hits, 0 errors, 2 left on base; Round Rock 0 - Colorado Springs 0
TOP OF THE 2ND
Round Rock Express batting - Pitching for Colorado Springs Sky Sox : LHP Corey Thomas
Batting: RHB Vinny Ramirez 0-0: Called Strike
0-1: Ball
1-1: Ground out 3-1 (Groundball, 34, EV 109.4 MPH)
Batting: RHB Dwayne Whitmore 0-0: Fly out, F7 (Flyball, 78M, EV 95.0 MPH)
Batting: LHB Chris Thames 0-0: Called Strike
0-1: Swinging Strike
0-2: Ball
1-2: Ball
2-2: Ball
3-2: Base on Balls
Batting: RHB Danny Amezquita 0-0: Called Strike
0-1: Ball
1-1: Swinging Strike
1-2: Strikes out swinging
Top of the 2nd over - 0 runs, 0 hits, 0 errors, 1 left on base; Round Rock 0 - Colorado Springs 0
BOTTOM OF THE 2ND
Colorado Springs Sky Sox batting - Pitching for Round Rock Express : RHP Mark Holgate
Batting: RHB Jose Orellana 0-0: Swinging Strike
0-1: Swinging Strike
0-2: Strikes out swinging
Batting: LHB Tyler Zavala 0-0: Foul Ball, location: 2F
0-1: Called Strike
0-2: Strikes out swinging, 2-3 out at first.
Batting: LHB Ellis Scanlon 0-0: Fly out, F8 (Flyball, 8LS, EV 85.0 MPH)
Bottom of the 2nd over - 0 runs, 0 hits, 0 errors, 0 left on base; Round Rock 0 - Colorado Springs 0
TOP OF THE 3RD
Round Rock Express batting - Pitching for Colorado Springs Sky Sox : LHP Corey Thomas
Batting: RHB Zach Robertson 0-0: Ball
1-0: Called Strike
1-1: Ball
2-1: Fly out, F8 (Flyball, 8LXD, EV 93.8 MPH)
Batting: RHB Tyler Lepore 0-0: Ball
1-0: Ball
2-0: Ground out U3 (Groundball, 34S, EV 81.2 MPH)
Batting: RHB Raul Anguiano 0-0: Ball
1-0: Foul Ball, location: 2F
1-1: Called Strike
1-2: Ball
2-2: Ball
3-2: Ground out 5-3 (Groundball, 56, EV 89.4 MPH)
Top of the 3rd over - 0 runs, 0 hits, 0 errors, 0 left on base; Round Rock 0 - Colorado Springs 0
BOTTOM OF THE 3RD
Colorado Springs Sky Sox batting - Pitching for Round Rock Express : RHP Mark Holgate
Batting: SHB Jeremy Freely 0-0: Ball
1-0: Foul Ball, location: 2F
1-1: Called Strike
1-2: Foul Ball, location: 2F
1-2: Strikes out swinging, 2-3 out at first.
Batting: RHB Adam Hall 0-0: Ball
1-0: Ball
2-0: Foul Ball, location: 2F
2-1: Ground out 1-3 (Groundball, P, EV 62.5 MPH)
Batting: RHB Juan Duran 0-0: Called Strike
0-1: Ball
1-1: Foul Ball, location: 2F
1-2: Ground out 6-3 (Groundball, 6, EV 91.2 MPH)
Bottom of the 3rd over - 0 runs, 0 hits, 0 errors, 0 left on base; Round Rock 0 - Colorado Springs 0
TOP OF THE 4TH
Round Rock Express batting - Pitching for Colorado Springs Sky Sox : LHP Corey Thomas
Batting: LHB Pat Dunbar 0-0: Foul Ball, location: 2F
0-1: Ball
1-1: Swinging Strike
1-2: Strikes out swinging
Batting: RHB Danny Rodas 0-0: Ball
1-0: Fly out, F9 (Flyball, 9, EV 90.6 MPH)
Batting: RHB Vinny Ramirez 0-0: Called Strike
0-1: Ball
1-1: Ball
2-1: DOUBLE (Flyball, 8LXD, EV 105.6 MPH)
Batting: RHB Dwayne Whitmore 0-0: Called Strike
0-1: Swinging Strike
0-2: Ground out 3-1 (Groundball, 34, EV 98.8 MPH)
Top of the 4th over - 0 runs, 1 hit, 0 errors, 1 left on base; Round Rock 0 - Colorado Springs 0
BOTTOM OF THE 4TH
Colorado Springs Sky Sox batting - Pitching for Round Rock Express : RHP Mark Holgate
Batting: SHB Bobby Cordova 0-0: Foul Ball, location: 2F
0-1: Swinging Strike
0-2: Ball
1-2: Fly out, F7 (Line Drive, 7LS, EV 102.5 MPH)
Batting: LHB Andy Pierpont 0-0: Ball
1-0: Ball
2-0: Called Strike
2-1: Ground out 4-3 (Groundball, 4, EV 90.0 MPH)
Batting: LHB Curtis Johnson 0-0: Foul Ball, location: 2F
0-1: Swinging Strike
0-2: Foul Ball, location: 2F
0-2: Ball
1-2: Ground out U3 (Groundball, 3L, EV 85.0 MPH)
Bottom of the 4th over - 0 runs, 0 hits, 0 errors, 0 left on base; Round Rock 0 - Colorado Springs 0
TOP OF THE 5TH
Round Rock Express batting - Pitching for Colorado Springs Sky Sox : LHP Corey Thomas
Batting: LHB Chris Thames 0-0: Called Strike
0-1: Hit by Pitch
Batting: RHB Danny Amezquita 0-0: Ball
1-0: Sac Bunt to 3S - play at first, batter OUT! 3-4
Chris Thames to second
Batting: RHB Zach Robertson 0-0: Foul Ball, location: 2F
0-1: Ball
1-1: Foul Ball, location: 2F
1-2: Ball
2-2: SINGLE (Groundball, 4M, EV 86.9 MPH) (infield hit)
Chris Thames to third
Batting: RHB Tyler Lepore 0-0: Called Strike
0-1: Ball
1-1: Swinging Strike
1-2: Strikes out swinging
Batting: RHB Raul Anguiano 0-0: Called Strike
0-1: Called Strike
0-2: Foul Ball, location: 2F
0-2: Strikes out swinging
Top of the 5th over - 0 runs, 1 hit, 0 errors, 2 left on base; Round Rock 0 - Colorado Springs 0
BOTTOM OF THE 5TH
Colorado Springs Sky Sox batting - Pitching for Round Rock Express : RHP Mark Holgate
Batting: RHB Jose Orellana 0-0: Called Strike
0-1: Ball
1-1: Foul Ball, location: 2F
1-2: Foul Ball, location: 2F
1-2: Ball
2-2: Ball
3-2: Foul Ball, location: 2F
3-2: SOLO HOME RUN (Flyball, 7D, EV 99.4 MPH), Distance : 389 ft
Batting: LHB Tyler Zavala 0-0: Swinging Strike
0-1: Ball
1-1: Fly out, F7 (Flyball, 7D, EV 96.2 MPH)
Batting: LHB Ellis Scanlon 0-0: Called Strike
0-1: Foul Ball, location: 2F
0-2: Foul Ball, location: 2F
0-2: Strikes out swinging, 2-3 out at first.
Batting: SHB Jeremy Freely 0-0: Ball
1-0: Ground out 6-3 (Groundball, P, EV 84.4 MPH)
Bottom of the 5th over - 1 run, 1 hit, 0 errors, 0 left on base; Round Rock 0 - Colorado Springs 1
TOP OF THE 6TH
Round Rock Express batting - Pitching for Colorado Springs Sky Sox : LHP Corey Thomas
Batting: LHB Pat Dunbar 0-0: Ball
1-0: Ground out 6-3 (Groundball, 6D, EV 101.9 MPH)
Batting: RHB Danny Rodas 0-0: Called Strike
0-1: Swinging Strike
0-2: Foul Ball, location: 2F
0-2: Strikes out swinging
Batting: RHB Vinny Ramirez 0-0: Ball
1-0: Foul Ball, location: 2F
1-1: Swinging Strike
1-2: Foul Ball, location: 2F
1-2: Ball
2-2: Ball
3-2: Base on Balls
Batting: RHB Dwayne Whitmore 0-0: Ball
1-0: Fly out, F7 (Flyball, 7S, EV 91.9 MPH)
Top of the 6th over - 0 runs, 0 hits, 0 errors, 1 left on base; Round Rock 0 - Colorado Springs 1
BOTTOM OF THE 6TH
Colorado Springs Sky Sox batting - Pitching for Round Rock Express : RHP Mark Holgate
Batting: RHB Adam Hall 0-0: Ball
1-0: Foul Ball, location: 2F
1-1: SINGLE (Line Drive, 34D, EV 100.0 MPH)
Batting: RHB Juan Duran 0-0: Ball
1-0: SINGLE (Groundball, 4D, EV 98.1 MPH)
Adam Hall to second
Runner from 2nd tries for 3rd, OUT! 8-5
Juan Duran to second
Batting: SHB Bobby Cordova 0-0: 2-RUN HOME RUN (Flyball, 9D, EV 95.6 MPH), Distance : 370 ft
Batting: LHB Andy Pierpont 0-0: Called Strike
0-1: Ball
1-1: Ball
2-1: Foul Ball, location: 2F
2-2: Ground out 4-3 (Groundball, 4, EV 85.6 MPH)
Batting: LHB Curtis Johnson 0-0: Ball
1-0: Foul Ball, location: 2F
1-1: Foul Ball, location: 2F
1-2: Ball
2-2: Ground out 4-3 (Groundball, 4, EV 101.9 MPH)
Bottom of the 6th over - 2 runs, 3 hits, 0 errors, 0 left on base; Round Rock 0 - Colorado Springs 3
TOP OF THE 7TH
Round Rock Express batting - Pitching for Colorado Springs Sky Sox : LHP Corey Thomas
Batting: LHB Chris Thames 0-0: Called Strike
0-1: Swinging Strike
0-2: Strikes out swinging
Batting: RHB Danny Amezquita 0-0: Ball
1-0: Foul Ball, location: 2F
1-1: Fly out, F8 (Flyball, 8LM, EV 93.8 MPH)
Batting: RHB Zach Robertson 0-0: Ball
1-0: Called Strike
1-1: Foul Ball, location: 2F
1-2: Strikes out swinging
Top of the 7th over - 0 runs, 0 hits, 0 errors, 0 left on base; Round Rock 0 - Colorado Springs 3
BOTTOM OF THE 7TH
Colorado Springs Sky Sox batting - Pitching for Round Rock Express : RHP Mark Holgate
Batting: RHB Jose Orellana 0-0: Called Strike
0-1: Foul Ball, location: 2F
0-2: Strikes out swinging
Batting: LHB Tyler Zavala 0-0: Ball
1-0: Called Strike
1-1: Called Strike
1-2: Ball
2-2: Strikes out swinging
Batting: LHB Ellis Scanlon 0-0: Ball
1-0: Called Strike
1-1: Ground out U3 (Groundball, 3, EV 109.4 MPH)
Bottom of the 7th over - 0 runs, 0 hits, 0 errors, 0 left on base; Round Rock 0 - Colorado Springs 3
TOP OF THE 8TH
Round Rock Express batting - Pitching for Colorado Springs Sky Sox : LHP Corey Thomas
Batting: RHB Tyler Lepore 0-0: Called Strike
0-1: Foul Ball, location: 2F
0-2: Strikes out swinging
Batting: RHB Raul Anguiano 0-0: Ball
1-0: Swinging Strike
1-1: Called Strike
1-2: Ground out 6-3 (Groundball, 6MD, EV 103.1 MPH)
Batting: LHB Pat Dunbar 0-0: Ground out 3-1 (Groundball, 34, EV 93.8 MPH)
Top of the 8th over - 0 runs, 0 hits, 0 errors, 0 left on base; Round Rock 0 - Colorado Springs 3
BOTTOM OF THE 8TH
Colorado Springs Sky Sox batting - Pitching for Round Rock Express : RHP Mark Holgate
Batting: SHB Jeremy Freely 0-0: Ball
1-0: Foul Ball, location: 2F
1-1: Foul Ball, location: 2F
1-2: Foul Ball, location: 2F
1-2: Foul Ball, location: 2F
1-2: Ground out 3-1 (Groundball, 34, EV 109.4 MPH)
Batting: RHB Adam Hall 0-0: Ball
1-0: Fly out, F4 (Popup, 4, EV 62.5 MPH)
Batting: RHB Juan Duran 0-0: Called Strike
0-1: Ball
1-1: Ball
2-1: Ball
3-1: Ground out 5-3 (Groundball, 56, EV 89.4 MPH)
Bottom of the 8th over - 0 runs, 0 hits, 0 errors, 0 left on base; Round Rock 0 - Colorado Springs 3
TOP OF THE 9TH
Round Rock Express batting - Pitching for Colorado Springs Sky Sox : LHP Corey Thomas
Batting: RHB Danny Rodas 0-0: Called Strike
0-1: Ball
1-1: Called Strike
1-2: Ball
2-2: Ball
3-2: Reached on error, E9 (Flyball, 9S, EV 91.2 MPH)
Batting: RHB Vinny Ramirez 0-0: Fly out, F9 (Line Drive, 9S, EV 93.1 MPH)
Batting: RHB Dwayne Whitmore 0-0: Fielders Choice at 2nd, 6-4 (Groundball, 6, EV 83.8 MPH)
Pinch Hitting: RHB Chris Romgro 0-0: Swinging Strike
0-1: Ball
1-1: Swinging Strike
1-2: Ball
2-2: SINGLE (Line Drive, 78S, EV 106.9 MPH)
Dwayne Whitmore to second
Batting: RHB Danny Amezquita 0-0: Called Strike
0-1: Foul Ball, location: 2F
0-2: Ball
1-2: Foul Ball, location: 2F
1-2: Strikes out swinging
Top of the 9th over - 0 runs, 1 hit, 1 error, 2 left on base; Round Rock 0 - Colorado Springs 3
Wednesday, July 27th , 2022 - OOTP Baseball 23.5 Build 73